 Dungeon Crawl Stone Soup version 0.29.1-15-g9cfb28693d (webtiles) character file.

Game seed: 17209956964129147911

3219 Artool the Trooper (level 9, -2/72 HPs)
             Began as a Demonspawn Fighter on Apr 3, 2023.
             Was an Initiate of Hepliaklqana.
             Killed from afar by Maggie (24 damage)
             ... with a bolt of fire
             ... on level 7 of the Dungeon.
             The game lasted 00:17:36 (5843 turns).

Artool the Trooper (Demonspawn Fighter)             Turns: 5843, Time: 00:17:36

Health: -2/72      AC: 14    Str: 16    XL:     9   Next: 65%
Magic:  9/9        EV: 13    Int:  9    God:    Hepliaklqana [......]
Gold:   291        SH:  6    Dex: 18    Spells: 8/8 levels left

rFire   . . .      SeeInvis .   u - +2 club (spect)
rCold   . . .      Faith    .   c - +0 buckler
rNeg    . . .      Spirit   .   b - +0 scale mail
rPois   .          Reflect  .   (helmet restricted)
rElec   .          Harm     .   C - +0 cloak
rCorr   .          Rampage  .   (no gloves)
Will    .....                   I - +0 pair of boots
Stlth   ..........              f - amulet of regeneration
HPRegen 1.02/turn               A - +4 ring of protection
MPRegen 0.11/turn               H - ring of wizardry

@: mesmerised
A: horns 1, repulsion field 2, demonic magic 1
a: Renounce Religion


You were on level 7 of the Dungeon.
You worshipped Hepliaklqana.
Hepliaklqana was noncommittal.
You visited 2 branches of the dungeon, and saw 8 of its levels.
You also visited: Ossuary.

You collected 291 gold pieces.

Inventory:

Hand Weapons
 a - a +0 flail
 k - a +0 whip
 u - a +2 spectral club (weapon)
 N - a +2 quarterstaff of draining
Missiles
 v - 14 poisoned darts (quivered)
Armour
 b - a +0 scale mail (worn)
 c - a +0 buckler (worn)
 C - a +0 cloak (worn)
 I - a +0 pair of boots (worn)
Jewellery
 f - an amulet of regeneration (around neck)
 A - a +4 ring of protection (left hand)
 H - a ring of wizardry (right hand)
Wands
 z - a wand of polymorph (10)
 G - a wand of light (5)
 M - a wand of iceblast (1)
Scrolls
 e - 2 scrolls of blinking {unknown}
 h - 3 scrolls of amnesia {unknown}
 i - 6 scrolls of poison {unknown}
 j - 9 scrolls of identify {unknown}
 l - 5 scrolls of silence {unknown}
 m - 6 scrolls of teleportation {unknown}
 o - a scroll of enchant weapon {unknown}
 q - a scroll of torment {unknown}
 s - 3 scrolls of butterflies {unknown}
 y - 2 scrolls of vulnerability {unknown}
 D - 2 scrolls of noise {unknown}
 J - a scroll of summoning {unknown}
 L - a scroll of fear {unknown}
Potions
 d - 2 potions of might
 g - 6 potions of curing {unknown}
 n - a potion of berserk rage {unknown}
 p - a potion of heal wounds {unknown}
 r - 5 potions of brilliance {unknown}
 t - 3 potions of attraction {unknown}
 w - a potion of lignification {unknown}
 x - a potion of resistance {unknown}
 B - 2 potions of degeneration {unknown}
 E - 2 potions of haste
 F - 2 potions of invisibility {unknown}
 K - a potion of mutation {unknown}


   Skills:
 + Level 7.3 Fighting
 * Level 7.0 Maces & Flails
 + Level 6.6 Armour
 + Level 2.2 Dodging
 - Level 6.0 Shields


You had 8 spell levels left.
You didn't know any spells.
Your spell library contained the following spells:

 Spells                   Type           Power      Damage    Failure   Level
 Magic Dart               Conj           0%         1d3       52%         1
 Call Imp                 Summ           0%         N/A       65%         2
 Sublimation of Blood     Necr           0%         N/A       65%         2
 Mephitic Cloud           Conj/Pois/Air  0%         N/A       86%         3
 Petrify                  Tmut/Erth      0%         N/A       99%         4
 Irradiate                Conj/Tmut      0%         3d11      100%        5
 Conjure Ball Lightning   Conj/Air       0%         3x3d6     100%        6
 Discord                  Hex            0%         N/A       100%        8
 Disjunction              Tloc           0%         N/A       100%        8


Dungeon Overview and Level Annotations

Branches:
Dungeon (7/15)             Temple (1/1) D:7         Ossuary (visited)

Altars:
Ashenzari
Cheibriados
Dithmenos
Fedhas
Gozag
Hepliaklqana
Kikubaaqudgha
Makhleb
Okawaru
Qazlal
Ru
Sif Muna
Trog
Uskayaw
Vehumet
Wu Jian
Yredelemnul

Shops:
D:6 !

Annotations:
D:7 Maggie


Innate Abilities, Weirdness & Mutations

You have a pair of small horns on your head.
You are surrounded by a moderate repulsion field. (EV +3)
Spells you cast may paralyse adjacent enemies.


Message History

You block Maggie's attack.
Maggie gestures wildly while chanting.
Maggie draws you further into her thrall.
You sock Maggie!
Maggie is moderately wounded.
Maggie barely misses you.
You hit Maggie.
Maggie is moderately wounded.
Maggie barely misses you. Maggie hits you with a +0 morningstar.
You closely miss Maggie. You headbutt Maggie.
Maggie is heavily wounded.
Maggie closely misses you.
You hit Maggie.
Maggie is heavily wounded.
You block Maggie's attack. Maggie gestures at you while chanting.
The bolt of fire hits you!!
You closely miss Maggie.
Maggie is heavily wounded.
Maggie barely misses you.
You hit Maggie.
Maggie is severely wounded.
Maggie hits you with a +0 morningstar!
You hit Maggie but do no damage.
Maggie is severely wounded.
Maggie hits you with a +0 morningstar. Maggie closely misses you.
You sock Maggie! Your headbutt misses Maggie.
Maggie is severely wounded.
Maggie hits you with a +0 morningstar!
* * * LOW HITPOINT WARNING * * *
You hit Maggie but do no damage.
Maggie is severely wounded.
Maggie gestures wildly while chanting.
Maggie draws you further into her thrall.
Maggie barely misses you.
You hit Maggie. Your headbutt misses Maggie.
Maggie is almost dead.
Maggie casts a spell at you. The bolt of fire hits you!!
You die...

##### ...
#@# #
##@#
#.#..# #
#>#.##.#
#......#
###.####
#...#
###...###
#.......#
#.......#


You could see Maggie (mesmerising, fast).

Vanquished Creatures
  Joseph (D:7)
  A troll (D:5)
  Grinder (D:3)
  Menkaure (D:6)
  A water moccasin (D:6)
  An ice beast (D:5)
  An orc warrior (D:6)
  A sky beast (D:6)
  A black bear (D:5)
  2 ogres
  4 elf zombies (Ossuary)
  A bullfrog (D:6)
  4 scorpions
  5 wights
  A killer bee (D:7)
  A howler monkey (D:5)
  3 hounds
  4 human zombies (Ossuary)
  4 centaur zombies (Ossuary)
  3 orc priests
  2 iguanas (D:6)
  A jelly (Temple)
  Jessica (D:3)
  5 orc wizards
  3 mummies (Ossuary)
  10 adders
  2 shadow imps
  A white imp (D:7)
  2 ufetubi
  3 worms
  8 orcs
  5 endoplasms
  A giant cockroach (D:2)
  4 goblins
  7 hobgoblins
  7 jackals
  2 quokkas
  3 ball pythons (D:3)
  9 bats
  3 frilled lizards
  6 kobolds
126 creatures vanquished.

Notes
Turn   | Place    | Note
-------+----------+-------------------------------------------
     0 | D:1      | Artool the Demonspawn Fighter began the quest for the Orb.
     0 | D:1      | Reached XP level 1. HP: 18/18 MP: 1/1
   809 | D:2      | Gained mutation: You are surrounded by a mild repulsion
                  | field. (EV +2) [demonic ancestry]
   809 | D:2      | Reached XP level 2. HP: 18/24 MP: 2/2
   925 | D:2      | Reached XP level 3. HP: 26/29 MP: 3/3
  1104 | D:2      | Found a faded altar of an unknown god.
  1584 | D:3      | Gained mutation: You are surrounded by a moderate repulsion
                  | field. (EV +3) [demonic ancestry]
  1584 | D:3      | Reached XP level 4. HP: 35/35 MP: 4/4
  1702 | D:3      | Noticed Grinder
  1710 | D:3      | Paralysed by Grinder for 4 turns
  1720 | D:3      | Paralysed by Grinder for 4 turns
  1801 | D:3      | Noticed Jessica
  1838 | D:3      | Killed Jessica
  2047 | D:3      | Paralysed by Grinder for 3 turns
  2051 | D:3      | Paralysed by Grinder for 3 turns
  2054 | D:3      | Killed Grinder
  2055 | D:3      | Reached XP level 5. HP: 30/43 MP: 5/5
  2055 | D:3      | Gained mutation: Spells you cast may paralyse adjacent
                  | enemies. [demonic ancestry]
  2055 | D:3      | Reached XP level 6. HP: 34/49 MP: 6/6
  2536 | D:5      | Entered Level 5 of the Dungeon
  2667 | D:5      | Gained mutation: You have a pair of small horns on your
                  | head. [demonic ancestry]
  2667 | D:5      | Reached XP level 7. HP: 55/55 MP: 7/7
  2715 | D:5      | Reached skill level 5 in Fighting
  3126 | D:5      | Noticed a troll
  3138 | D:5      | Killed a troll
  3139 | D:5      | Reached skill level 5 in Armour
  3139 | D:5      | Reached skill level 5 in Shields
  3139 | D:5      | Reached XP level 8. HP: 22/63 MP: 8/8
  3825 | D:6      | Found Valewer's Distillery.
  3843 | D:6      | Found a sand-covered staircase.
  3857 | Ossuary  | Entered an ossuary
  3986 | Ossuary  | Reached skill level 5 in Maces & Flails
  4496 | D:6      | Reached XP level 9. HP: 68/71 MP: 9/9
  4774 | D:7      | Noticed Menkaure
  4790 | D:6      | Killed Menkaure
  4852 | D:6      | Reached skill level 1 in Dodging
  4964 | D:7      | Noticed Joseph
  5122 | D:7      | Killed Joseph
  5482 | D:7      | Found a staircase to the Ecumenical Temple.
  5490 | Temple   | Entered the Ecumenical Temple
  5505 | Temple   | Became a worshipper of Hepliaklqana the Forgotten
  5823 | D:7      | Noticed Maggie
  5843 | D:7      | Killed from afar by Maggie

Illustrated notes

Levels and vault maps discovered:
D:1:      evilmike_arrival_hilbert_curve, layout_loops_ring
D:2:      layout_loops_ring, hellmonk_ecumenical_altar_blasted
D:3:      layout_rooms, uniq_jessica, uniq_grinder
D:4:      layout_cave_pools
D:5:      layout_layer_cave
D:6:      layout_gridville, enter_ossuary_1, nicolae_take_the_stairs,
          kennysheep_pointless_box, glass_columns_c
D:7:      layout_loops_cross, minmay_temple_entry_gardened_gates, serial_rivers,
          chequers_serial_rivers_small_3, chequers_serial_rivers_marsh,
          chequers_serial_rivers_micro_a, chequers_serial_rivers_small_b,
          chequers_serial_rivers_large_b, dk_rats_in_the_wall, uniq_joseph,
          uniq_maggie, uniq_menkaure, uniq_crazy_yiuf_cottage
Temple:   compressed_dpeg_triangle_lava_temple

Skill      XL: |  1  2  3  4  5  6  7  8  9 |
---------------+----------------------------+-----
Maces & Flails | 2 3 4 5 7 |  7.0
Armour         | 3 4 5 6 |  6.6
Shields        | 3 4 5 6 |  6.0
Fighting       | 4 5 6 7 |  7.3
Dodging        | 2 |  2.2

Action                   |  1- 3 |  4- 6 |  7- 9 || total
-------------------------+-------+-------+-------++-------
Melee: Flail             |    21 |       |       ||    21
       Whip              |   138 |    52 |       ||   190
       Club              |       |    48 |   411 ||   459
       Headbutt          |       |       |   109 ||   109
 Stab: Distracted        |       |     1 |     3 ||     4
Armor: Scale mail        |    63 |    35 |   141 ||   239
       Skin              |       |    16 |       ||    16
Dodge: Dodged            |    51 |    44 |   191 ||   286
Block: Buckler           |    40 |    27 |    76 ||   143
